General information
- name: BNet
- type: Ladder team game (AT/RT)
- host: Battle.net
- saver: ladd3rResetBaby
map: Cherryville
- players: 8
- length: 36:55
- speed: Fast
- version: 1.24 W3XP
- replay type: Public
» download(202 KB)
Players
team 1 (winner)
gooops (
blue | 73 APM | 2694 actions | 36:54)
5 Archmage
3 Summon Water Elemental
2 Brilliance Aura
6 Paladin
3 Holy Light
3 Divine Shield
5 Mountain King
3 Storm Bolt
2 Bash
» actions
| Assign group hotkey | 112 | |
| Basic commands | 201 | |
| Build / train | 145 | |
| Enter build submenu | 47 | |
| Enter hero's abilities submenu | 16 | |
| Give item / drop item | 6 | |
| Remove unit from queue | 12 | |
| Right click | 529 | |
| Select / deselect | 548 | |
| Select group hotkey | 882 | |
| Use ability | 196 | |
2694 total
» units
| Peasant | 17 | |
| Footman | 2 | |
| Goblin Shredder | 1 | |
| Mortar Team | 3 | |
| Siege Engine | 3 | |
| Flying Machine | 32 | |
58 total
» upgrades
| Gunpowder | 5 | |
| Swords | 5 | |
| Masonry | 6 | |
| Lumber Harvesting | 2 | |
| Sorceress Training | 2 | |
| Priest Training | 2 | |
| Fragmentation Shards | 1 | |
| Flare | 2 | |
| Barrage | 2 | |
| Armor | 4 | |
| Plating | 5 | |
| Magic Sentry | 1 | |
| Animal War Training | 1 | |
| Long Rifles | 1 | |
| Defend | 1 | |
| Flak Cannons | 1 | |
| Control Magic | 1 | |
| Storm Hammers | 1 | |
| Cloud | 1 | |
| Flying Machine Bombs | 1 | |
45 total
» buildings
| Altar of Kings | 2 | |
| Farm | 21 | |
| Barracks | 1 | |
| Scout Tower | 18 | |
| Arcane Tower | 1 | |
| Keep | 2 | |
| Arcane Vault | 2 | |
| Town Hall | 2 | |
| Blacksmith | 1 | |
| Lumber Mill | 2 | |
| Castle | 1 | |
| Arcane Sanctum | 1 | |
| Workshop | 3 | |
| Guard Tower | 4 | |
| Gryphon Aviary | 2 | |
63 total
» build order
00:19 Altar of Kings
00:35 Farm
00:36 Farm
00:52 Barracks
01:38 Farm
01:42 Scout Tower
02:12 Arcane Tower
02:51 Keep
03:45 Arcane Vault
03:55 Town Hall
04:50 Blacksmith
04:53 Farm
04:54 Farm
04:55 Farm
04:57 Farm
05:00 Farm
05:01 Farm
05:02 Farm
05:46 Farm
06:25 Lumber Mill
07:30 Castle
08:07 Farm
08:08 Farm
08:10 Farm
08:12 Farm
08:12 Farm
08:51 Arcane Sanctum
08:54 Workshop
08:57 Workshop
11:04 Scout Tower
11:04 Scout Tower
11:05 Scout Tower
11:06 Scout Tower
11:10 Scout Tower
11:11 Scout Tower
11:13 Scout Tower
11:14 Scout Tower
11:34 Guard Tower
12:09 Town Hall
12:12 Altar of Kings
12:12 Farm
12:14 Farm
12:14 Farm
12:20 Lumber Mill
12:27 Arcane Vault
12:34 Guard Tower
13:56 Farm
13:57 Farm
14:27 Scout Tower
14:28 Scout Tower
14:29 Scout Tower
14:29 Scout Tower
15:51 Guard Tower
15:57 Scout Tower
15:57 Scout Tower
15:58 Scout Tower
15:58 Scout Tower
15:59 Scout Tower
16:51 Gryphon Aviary
16:52 Gryphon Aviary
17:51 Keep
18:26 Guard Tower
21:59 Workshop
» items
| Scroll of Regeneration | 1 | |
| Boots of Speed | 1 | |
| Periapt of Vitality | 1 | |
| Circlet of Nobility | 1 | |
| Orb of Fire | 1 | |
5 total
getinmehbellay (
orange | 77 APM | 2140 actions | 27:45)
5 Blademaster
2 Wind Walk
3 Critical Strike
1 Paladin
1 Holy Light
1 Mountain King
1 Storm Bolt
» actions
| Assign group hotkey | 27 | |
| Basic commands | 31 | |
| Build / train | 64 | |
| ESC pressed | 2 | |
| Enter build submenu | 28 | |
| Enter hero's abilities submenu | 8 | |
| Right click | 998 | |
| Select / deselect | 280 | |
| Select group hotkey | 599 | |
| Use ability | 103 | |
2140 total
» units
| Peon | 9 | |
| Wind Rider | 6 | |
| Shaman | 4 | |
| Knight | 6 | |
| Mortar Team | 6 | |
31 total
» upgrades
| Shaman Training | 2 | |
| Envenomed Spears | 1 | |
| Ranged Weapons | 1 | |
| Lumber Harvesting | 1 | |
| Animal War Training | 1 | |
| Fragmentation Shards | 1 | |
| Priest Training | 1 | |
8 total
» buildings
| Altar of Storms | 1 | |
| Orc Burrow | 6 | |
| Voodoo Lounge | 1 | |
| Stronghold | 3 | |
| War Mill | 1 | |
| Beastiary | 2 | |
| Fortress | 1 | |
| Spirit Lodge | 1 | |
| Barracks | 2 | |
| Castle | 1 | |
| Farm | 7 | |
| Arcane Sanctum | 2 | |
| Blacksmith | 1 | |
| Workshop | 2 | |
| Arcane Vault | 1 | |
32 total
» build order
00:05 Altar of Storms
00:20 Orc Burrow
01:03 Voodoo Lounge
02:14 Stronghold
02:15 Stronghold
02:42 War Mill
04:22 Orc Burrow
04:36 Beastiary
04:41 Beastiary
05:21 Fortress
05:23 Spirit Lodge
06:23 Orc Burrow
09:04 Orc Burrow
09:32 Orc Burrow
10:18 Orc Burrow
19:57 Barracks
20:15 Castle
20:19 Barracks
20:38 Farm
20:39 Farm
21:23 Farm
21:33 Arcane Sanctum
21:55 Blacksmith
22:35 Workshop
22:39 Workshop
22:50 Arcane Sanctum
23:33 Arcane Vault
23:44 Farm
23:46 Farm
27:26 Farm
27:28 Farm
» items
| Healing Salve | 2 | |
| Lesser Clarity Potion | 6 | |
| Boots of Speed | 1 | |
| Circlet of Nobility | 1 | |
| Scroll of Town Portal | 1 | |
11 total

»
ladd3rResetBaby (
teal | 65 APM | 2410 actions | 36:55)
5 Blademaster
3 Wind Walk
2 Critical Strike
4 Shadow Hunter
2 Hex
2 Healing Wave
» actions
| Assign group hotkey | 20 | |
| Build / train | 62 | |
| Enter build submenu | 12 | |
| Enter hero's abilities submenu | 11 | |
| Give item / drop item | 1 | |
| Remove unit from queue | 1 | |
| Right click | 1018 | |
| Select / deselect | 231 | |
| Select group hotkey | 953 | |
| Use ability | 101 | |
2410 total
» units
| Peon | 9 | |
| Troll Batrider | 8 | |
| Wind Rider | 4 | |
| Knight | 4 | |
25 total
» upgrades
| Liquid Fire | 1 | |
| Reinforced Defenses | 1 | |
| Envenomed Spears | 1 | |
3 total
» buildings
| Orc Burrow | 6 | |
| Altar of Storms | 1 | |
| Voodoo Lounge | 2 | |
| Stronghold | 1 | |
| War Mill | 1 | |
| Fortress | 1 | |
| Beastiary | 2 | |
| Scout Tower | 3 | |
| Guard Tower | 2 | |
| Great Hall | 1 | |
| Farm | 5 | |
25 total
» build order
00:11 Orc Burrow
00:17 Altar of Storms
01:02 Voodoo Lounge
02:17 Voodoo Lounge
02:44 Stronghold
02:54 Orc Burrow
02:55 Orc Burrow
02:55 Orc Burrow
04:40 War Mill
06:21 Fortress
06:24 Beastiary
06:24 Beastiary
07:42 Orc Burrow
07:44 Orc Burrow
10:27 Scout Tower
10:27 Scout Tower
16:27 Guard Tower
17:46 Guard Tower
22:18 Great Hall
23:30 Farm
23:30 Farm
32:53 Farm
32:54 Farm
32:55 Farm
» items
| Healing Salve | 2 | |
| Lesser Clarity Potion | 3 | |
| Potion of Mana | 3 | |
| Potion of Healing | 4 | |
| Potion of Lesser Invulnerability | 1 | |
| Scroll of Town Portal | 1 | |
| Scroll of Healing | 2 | |
| Staff of Teleportation | 1 | |
17 total
mistermax (
green | 18 APM | 189 actions | 10:18)
1 Mountain King
1 Thunder Clap
» actions
| Build / train | 28 | |
| Enter build submenu | 12 | |
| Enter hero's abilities submenu | 1 | |
| Right click | 68 | |
| Select / deselect | 67 | |
| Use ability | 13 | |
189 total
» units
» buildings
| Altar of Kings | 1 | |
| Blacksmith | 1 | |
| Barracks | 1 | |
| Farm | 5 | |
| Arcane Vault | 1 | |
| Keep | 1 | |
10 total
» build order
00:31 Altar of Kings
00:48 Blacksmith
01:29 Barracks
01:46 Farm
02:33 Farm
03:01 Farm
04:16 Arcane Vault
05:20 Farm
05:24 Farm
07:25 Keep
» items
| Scroll of Speed | 1 | |
| Healing Salve | 1 | |
| Lesser Clarity Potion | 1 | |
3 total
team 2 (loser)
JimShoes (
yellow | 53 APM | 1958 actions | 36:54)
5 Keeper of the Grove
3 Entangling Roots
2 Thorns Aura
4 Priestess of the Moon
1 Scout
2 Trueshot Aura
1 Searing Arrows
» actions
| Assign group hotkey | 26 | |
| Basic commands | 301 | |
| Build / train | 79 | |
| ESC pressed | 1 | |
| Enter build submenu | 31 | |
| Enter hero's abilities submenu | 10 | |
| Remove unit from queue | 1 | |
| Right click | 261 | |
| Select / deselect | 412 | |
| Select group hotkey | 724 | |
| Use ability | 110 | |
1958 total
» units
| Wisp | 26 | |
| Archer | 4 | |
| Dryad | 9 | |
| Druid of the Claw | 8 | |
47 total
» upgrades
| Ultravision | 1 | |
| Strength of the Wild | 3 | |
| Abolish Magic | 1 | |
| Reinforced Hides | 3 | |
| Well Spring | 1 | |
| Druid of the Claw Training | 2 | |
| Mark of the Claw | 1 | |
| Resistant Skin | 0 | |
| Strength of the Moon | 1 | |
| Moon Armor | 1 | |
| Nature's Blessing | 1 | |
15 total
» buildings
| Altar of Elders | 1 | |
| Moon Well | 8 | |
| Ancient of War | 1 | |
| Hunter's Hall | 1 | |
| Tree of Ages | 1 | |
| Ancient Protector | 5 | |
| Tree of Eternity | 1 | |
| Ancient of Lore | 2 | |
| Tree of Life | 4 | |
| Ancient of Wonders | 1 | |
25 total
» build order
00:08 Altar of Elders
00:12 Moon Well
00:56 Ancient of War
01:35 Moon Well
02:04 Moon Well
02:33 Hunter's Hall
03:36 Tree of Ages
03:55 Ancient Protector
04:12 Moon Well
05:02 Moon Well
05:05 Ancient Protector
06:16 Moon Well
06:22 Tree of Eternity
06:25 Ancient of Lore
07:47 Ancient of Lore
08:09 Tree of Life
08:26 Ancient Protector
08:31 Ancient Protector
14:34 Tree of Life
17:23 Ancient of Wonders
17:34 Moon Well
17:36 Moon Well
22:14 Tree of Life
22:53 Ancient Protector
29:43 Tree of Life
» items
| Moonstone | 1 | |
| Scroll of Town Portal | 2 | |
3 total

»
wc3employee (
purple | 36 APM | 1342 actions | 36:54)
4 Archmage
2 Summon Water Elemental
2 Brilliance Aura
2 Firelord
1 Summon Lava Spawn
1 Soul Burn
2 Keeper of the Grove
1 Thorns Aura
1 Entangling Roots
» actions
| Assign group hotkey | 17 | |
| Basic commands | 49 | |
| Build / train | 50 | |
| Enter build submenu | 19 | |
| Enter hero's abilities submenu | 8 | |
| Give item / drop item | 1 | |
| Right click | 743 | |
| Select / deselect | 356 | |
| Select group hotkey | 26 | |
| Use ability | 73 | |
1342 total
» units
| Peasant | 12 | |
| Rifleman | 8 | |
| Mortar Team | 6 | |
| Siege Engine | 2 | |
| Mountain Giant | 1 | |
| Faerie Dragon | 1 | |
30 total
» upgrades
| Gunpowder | 1 | |
| Long Rifles | 1 | |
| Flare | 1 | |
| Fragmentation Shards | 1 | |
| Barrage | 1 | |
5 total
» buildings
| Altar of Kings | 2 | |
| Barracks | 3 | |
| Farm | 9 | |
| Blacksmith | 1 | |
| Lumber Mill | 1 | |
| Keep | 1 | |
| Castle | 1 | |
| Workshop | 2 | |
| Town Hall | 2 | |
22 total
» build order
00:24 Altar of Kings
00:37 Barracks
00:59 Farm
01:27 Farm
02:24 Farm
02:31 Blacksmith
02:54 Lumber Mill
03:33 Keep
03:52 Farm
03:56 Farm
05:04 Farm
05:05 Farm
06:29 Castle
06:39 Workshop
06:41 Workshop
08:21 Farm
08:23 Farm
17:33 Town Hall
19:48 Town Hall
21:47 Altar of Kings
21:55 Barracks
22:00 Barracks
» items
| Scroll of Town Portal | 1 | |
| Orb of Venom | 1 | |
2 total

»
Oldestarmybrat1 (
pink | 23 APM | 133 actions | 05:43)
1 Keeper of the Grove
1 Entangling Roots
» actions
| Assign group hotkey | 3 | |
| Build / train | 18 | |
| Enter build submenu | 7 | |
| Enter hero's abilities submenu | 1 | |
| Right click | 34 | |
| Select / deselect | 50 | |
| Use ability | 20 | |
133 total
» units
» buildings
| Altar of Elders | 1 | |
| Moon Well | 3 | |
| Ancient of War | 1 | |
| Hunter's Hall | 2 | |
7 total
» build order
00:14 Altar of Elders
00:22 Moon Well
00:43 Ancient of War
01:42 Moon Well
04:34 Hunter's Hall
04:46 Moon Well
05:24 Hunter's Hall

»
lllIIIlllIIIlll (
red | 37 APM | 1358 actions | 36:54)
5 Paladin
2 Holy Light
3 Devotion Aura
1 Demon Hunter
1 Mana Burn
1 Keeper of the Grove
1 Thorns Aura
» actions
| Basic commands | 51 | |
| Build / train | 111 | |
| Enter build submenu | 27 | |
| Enter hero's abilities submenu | 7 | |
| Remove unit from queue | 1 | |
| Right click | 503 | |
| Select / deselect | 565 | |
| Use ability | 93 | |
1358 total
» units
| Peasant | 22 | |
| Footman | 9 | |
| Wisp | 13 | |
| Archer | 1 | |
| Hippogryph | 16 | |
| Priest | 1 | |
| Gryphon Rider | 2 | |
| Dryad | 4 | |
| Druid of the Talon | 5 | |
73 total
» upgrades
| Defend | 0 | |
| Swords | 3 | |
| Lumber Harvesting | 2 | |
| Priest Training | 2 | |
| Strength of the Wild | 3 | |
| Reinforced Hides | 2 | |
| Storm Hammers | 1 | |
| Armor | 1 | |
| Ultravision | 1 | |
| Abolish Magic | 1 | |
| Druid of the Claw Training | 1 | |
| Druid of the Talon Training | 2 | |
| Hardened Skin | 1 | |
| Resistant Skin | 1 | |
| Mark of the Talon | 1 | |
22 total
» buildings
| Altar of Kings | 1 | |
| Farm | 8 | |
| Barracks | 1 | |
| Lumber Mill | 1 | |
| Keep | 1 | |
| Blacksmith | 1 | |
| Castle | 1 | |
| Tree of Ages | 2 | |
| Gryphon Aviary | 4 | |
| Arcane Sanctum | 1 | |
| Tree of Eternity | 2 | |
| Ancient of Wind | 1 | |
| Ancient of Lore | 1 | |
| Tree of Life | 2 | |
| Moon Well | 2 | |
| Ancient of Wonders | 2 | |
31 total
» build order
00:07 Altar of Kings
00:12 Farm
00:24 Barracks
01:01 Farm
01:39 Lumber Mill
02:19 Farm
02:56 Keep
04:00 Blacksmith
05:24 Farm
05:29 Castle
07:23 Farm
07:25 Farm
07:25 Farm
07:26 Farm
07:34 Tree of Ages
08:10 Gryphon Aviary
08:20 Gryphon Aviary
08:26 Arcane Sanctum
11:22 Tree of Eternity
11:32 Gryphon Aviary
11:37 Gryphon Aviary
11:54 Ancient of Wind
12:03 Ancient of Lore
16:48 Tree of Life
16:54 Moon Well
17:58 Moon Well
22:22 Tree of Ages
22:47 Ancient of Wonders
25:33 Tree of Eternity
31:17 Tree of Life
31:41 Ancient of Wonders
» items
Chat log
(00:16 / Allies) getinmehbellay: bm harass wyvs
(00:19 / Allies) mistermax: RUSH
(00:29 / Allies) getinmehbellay: i am going to harass the bottom, so can one of you just scout the top
(00:31 / Allies) getinmehbellay: to see if theyre rushing or not
(00:40 / Allies) getinmehbellay: send a wisp or something
(02:01 / Allies) mistermax: waht is the plan
(02:09 / Allies) gooops: expo?
(02:17 / Allies) gooops: make an arcane tower green
(02:20 / Allies) getinmehbellay: today we're doign your mom
(02:24 / Allies) getinmehbellay: good plan?
(02:25 / Allies) gooops: to defend against harass
(02:36 / Allies) ladd3rResetBaby: im gay
(02:37 / Allies) gooops: arcane tower green
(02:39 / Allies) gooops: by ur peasants
(03:07 / Allies) gooops: make
(03:07 / Allies) gooops: an
(03:08 / Allies) gooops: arcane
(03:09 / Allies) gooops: tower
(03:10 / Allies) gooops: green
(03:16 / Allies) mistermax: okk
(03:59 / Allies) mistermax: where
(04:12 / Allies) getinmehbellay: geting boots
(05:49 / All) ladd3rResetBaby: rape
(07:12 / Allies) getinmehbellay: b
(08:23 / Allies) getinmehbellay: fuck mistake
(08:39 / Allies) getinmehbellay: castle here
(09:55 / All) gooops: lol
(11:26 / Allies) getinmehbellay: guys im ready
(11:28 / Allies) getinmehbellay: got lusted wyvs
(11:35 / Allies) gooops: for what
(12:12 / Allies) getinmehbellay: idiot left all his gold
(13:38 / All) wc3employee: OH FUCK MY BASE
(13:46 / All) ladd3rResetBaby: im gayh
(13:48 / All) wc3employee: someone get that shit
(15:38 / Allies) getinmehbellay: ty
(16:11 / Allies) getinmehbellay: get main
(16:30 / All) wc3employee: ur gayh
(17:13 / Allies) getinmehbellay: can i get a healio
(17:34 / Allies) getinmehbellay: staying for some mana
(17:37 / Allies) getinmehbellay: then ill go after purple
(18:18 / Allies) ladd3rResetBaby: next base
(19:16 / All) getinmehbellay: smart
(19:32 / Allies) getinmehbellay: the faggot attacked ground
(19:33 / Allies) getinmehbellay: where i was
(19:46 / Allies) gooops: control green
(19:53 / Allies) getinmehbellay: k
(20:00 / Allies) getinmehbellay: knights?
(20:08 / Allies) gooops: w/e u want
(23:42 / Allies) gooops: save ur peon
(24:13 / Allies) getinmehbellay: im joining you
(32:22 / All) ladd3rResetBaby: clan lone #1!